Koishi, chaotic female elven Wizard -------------------------- |>.......................| |.......----------------.| -------.------ |.| |...........| |.| |.`.......`.| |.| --------.----| |.| |........[...| |%| |............| |.| -----.-------- ------|%| |..........| --|.....|%| |..........| |(m.....|.| |......[..-- |-|@....|%| -------.---- |.-.....*.| |........| |-|.....|-- |........| |.-.....| |...------ --|.....| ----- ------- Koishi the Thaumaturge Experience level: 8 Strength: 14 Dexterity: 14 Constitution: 16 Intelligence: 16 Wisdom: 15 Charisma: 8 Health: 0(31) Energy: 54(73) Def: 14 Gold: 1508 Moves: 8232 Dungeon seed: wKOxQ6kocBC2XW1q Game ID: Koishi_1525165565 Your Inventory: Coins $ - 1508 gold pieces Amulets G - an uncursed amulet of restful sleep (being worn) Weapons a - a blessed +1 quarterstaff (alternate weapon; not wielded) t - an uncursed +0 dagger (weapon in hand) Armor d - an uncursed +0 pair of iron shoes of hunger and aggravate monster (being worn) e - an uncursed +0 cloak of magic resistance (being worn) n - a blessed greased +2 silver dragon scale mail (being worn) Comestibles z - an uncursed egg D - an uncursed partly eaten food ration S - an uncursed tripe ration U - 4 uncursed food rations Scrolls q - an uncursed scroll of genocide Spellbooks J - an uncursed spellbook of blank paper Potions C - a blessed potion of object detection Rings g - an uncursed ring of sustain ability p - an uncursed ring of protection from shape changers x - an uncursed ring of regeneration B - an uncursed ring of conflict E - an uncursed ring of shock immunity V - a cursed -2 ring of gain strength Wands b - an uncursed wand of striking (0:7) c - an uncursed wand of magic missile (0:7) r - an uncursed wand of probing (0:4) s - an uncursed wand of digging (0:8) F - an uncursed wand of light (0:10) H - an uncursed wand of slow monster (0:1) L - an uncursed wand of striking (0:7) Y - an uncursed wand of striking (0:7) Tools h - an uncursed blindfold i - an uncursed tooled horn k - an uncursed lock pick u - an uncursed +0 unicorn horn I - a blessed oil lamp (0:1172) T - a blessed magic lamp Spells and supernatural/magical abilities: Name Level Category Cost Memory a - force bolt 1 attack 5pw 87% m - magic missile 2 attack 10pw 91% n - detect monsters 1 divination 5pw 91% W - pray for help -- divine ? -- Your skills at the end: Fighting Skills wands [Basic] Weapon Skills dagger [Basic] quarterstaff [Basic] Spellcasting Skills attack spells [Basic] enchantment spells [Basic] Final Attributes: You were piously aligned. You were immune to sleep. You were poison resistant. You were magic resistant. You had restful sleep. You had fast metabolism. You saw invisible. You were telepathic. You had infravision. You were visible. You aggravated monsters. You were held by a giant mimic. You had reflection. You were lucky. You last prayed just now. Anhur was extremely pleased with you.. You are dead. Vanquished creatures: a giant mimic a large mimic a giant beetle a quivering blob 5 wolves a leprechaun 3 werewolves a blue jelly a white unicorn a gray unicorn a gnome mummy 2 wood nymphs a water nymph 16 Uruk-hai a rock piercer a rock mole 2 ponies a fog cloud 3 yellow lights 4 shriekers 8 gnome lords 5 gnomish wizards a kobold mummy 3 red naga hatchlings a black naga hatchling a gray ooze a straw golem a giant ant 2 little dogs 4 floating eyes a kitten 8 dwarves 2 kobold lords 2 kobold shamans 8 hill orcs 3 rothes a rabid rat a centipede 2 giant bats a dwarf zombie 4 killer bees an acid blob 5 coyotes 3 hobbits 7 manes 2 large kobolds 4 hobgoblins a giant rat 3 cave spiders 4 yellow molds 2 green molds a red mold 26 gnomes 11 garter snakes a gnome zombie 4 geckos 6 jackals 4 foxes a kobold 2 goblins 15 sewer rats 6 grid bugs 3 bats 5 lichens 2 kobold zombies 17 newts 244 creatures vanquished. Voluntary challenges: You used a wielded weapon 237 times, starting on turn 108. You read items or engraved 15 times, starting on turn 1. You never genocided any monsters. You never polymorphed an object. You never changed form. You used 1 wish, starting on turn 3050. You did not wish for any artifacts. You never split a pudding. You never wrote Elbereth's name. You never violated your personal moral code. You abstained from Elbereth's help. Dungeon overview: The Dungeons of Doom: levels 1 to 6 Level 1 an altar to Ptah a long staircase Level 2 (angry shk) a hardware shop stairs to The Gnomish Mines Level 3 (castle BCBCB; + near altar) some altars to Anhur, a fountain, a vault Level 4 Level 5 (lev^trap) many fountains Level 6 stairs to Sokoban The Gnomish Mines: levels 3 to 6 Level 3 stairs to The Dungeons of Doom Level 4 Level 5 Level 6 many shops, a temple to Anhur, some fountains Sokoban: levels 2 to 5 Level 2 <- You were here Solved Level 3 Level 4 Level 5 Unsolved stairs to The Dungeons of Doom History has recorded: On T:1 you entered the Dungeons of Doom to retrieve the Amulet of Yendor! On T:312 you reached level 2 of The Dungeons of Doom. On T:399 you reached level 1 of The Gnomish Mines. On T:410 you advanced to experience level 2. On T:433 you advanced to experience level 3. On T:498 you advanced to experience level 4. On T:744 you reached level 3 of The Dungeons of Doom. On T:1037 you advanced to experience level 5. On T:1190 you reached level 4 of The Dungeons of Doom. On T:1697 you advanced to experience level 6. On T:1833 you reached level 2 of The Gnomish Mines. On T:1877 you reached level 3 of The Gnomish Mines. On T:2121 you reached level 4 of The Gnomish Mines. On T:3050 you wished for "blessed greased fixed +2 silver dragon scale mail". On T:4339 you advanced to experience level 7. On T:4598 you reached level 5 of The Dungeons of Doom. On T:5382 you reached level 6 of The Dungeons of Doom. On T:5440 you reached level 4 of Sokoban. On T:5495 you advanced to experience level 8. On T:5723 you reached level 3 of Sokoban. On T:6510 you reached level 2 of Sokoban. On T:6934 you reached level 1 of Sokoban. Score breakdown: Gold: 1508 (10812 points) Experience: 8 levels (14739 points) Exploration: 6 levels ( 12.77%) ( 9890 points) Discoveries: 18 items ( 6.27%) ( 7513 points) Valuables value: (no points given unless you survive) Artifact value: 0 ( 0 points) Variety of kills: 66 monsters ( 17.37%) (12502 points) Turncount: 8232 turns (-2091 points) Survival: died (score multiplied by 80%) Total score: 42692 Latest messages: The force bolt hits the giant mimic! The force bolt hits the giant mimic! The giant mimic resists! The force bolt hits the giant mimic! The giant mimic resists! The giant mimic hits! (2x) You begin praying to Anhur. You are surrounded by a shimmering light. You feel that Anhur is well-pleased. [3 turns] The magic missile hits the giant mimic! The magic missile bounces! (2x) The giant mimic hits! You die... Final status: Goodbye Koishi the Wizard, killed by a giant mimic... You died in Sokoban on dungeon level 2 with 42692 points, and 1508 pieces of gold, after 8232 moves. You were level 8 with a maximum of 31 hit points when you died.